 Seeded DCSS version 0.29.1-15-g9cfb28693d (webtiles) character file.

Game seed: 16245865983455551772 (custom seed)

93 Darius099 the Sneak (level 4, -1/29 HPs)
             Began as an Octopode Brigand on Mar 11, 2023.
             Succumbed to an orc's poison
             ... on level 3 of the Dungeon.
             The game lasted 00:03:05 (2112 turns).

Darius099 the Sneak (Octopode Brigand)              Turns: 2112, Time: 00:03:05

Health: -1/29      AC:  1    Str: 10    XL:     4   Next: 61%
Magic:  4/4        EV: 12    Int: 25    God:
Gold:   2274       SH:  0    Dex: 15    Spells: 3/3 levels left

rFire   . . .      SeeInvis .   a - +2 dagger
rCold   . . .      Faith    .   (no shield)
rNeg    . . .      Spirit   .   (helmet restricted)
rPois   .          Reflect  .   (no amulet)
rElec   .          Harm     .   h - +6 ring of intelligence
rCorr   .          Rampage  .   i - +6 ring of intelligence
Will    .....                   (no ring)
Stlth   ++++......              (no ring)
HPRegen 0.09/turn               (no ring)
MPRegen 0.09/turn               (no ring)
                                (no ring)
                                (no ring)

@: lethally poisoned (-1 -> -8), flying, studying Dodging
A: almost no armour, amphibious, 8 rings, camouflage 1, gelatinous body 1,
(nimble swimmer 1), tentacles
a: no special abilities


You were on level 3 of the Dungeon.
You visited 1 branch of the dungeon, and saw 3 of its levels.

You collected 2274 gold pieces.

Inventory:

Hand Weapons
 a - a +2 dagger (weapon)
Missiles
 b - 11 poisoned darts (quivered)
 c - 3 curare-tipped darts
Jewellery
 h - a +6 ring of intelligence (left tentacle)
 i - a +6 ring of intelligence (right tentacle)
Scrolls
 g - 2 scrolls of teleportation {unknown}
 j - a scroll of identify {unknown}
 k - a scroll of enchant weapon {unknown}
 l - a scroll of summoning {unknown}
Potions
 d - a potion of lignification {unknown}
 e - a potion of might {unknown}
 f - a potion of flight


   Skills:
 - Level 2.0 Fighting
 + Level 3.5 Short Blades
 - Level 2.0 Throwing
 - Level 1.0 Dodging
 + Level 6.9 Stealth


You had 3 spell levels left.
You didn't know any spells.
Your spell library contained the following spells:

 Spells                   Type           Power      Damage    Failure   Level
 Sting                    Tmut/Pois      0%         1d3       14%         1
 Poisonous Vapours        Pois/Air       0%         N/A       21%         2
 Olgreb's Toxic Radiance  Pois           0%         N/A       80%         4


Dungeon Overview and Level Annotations

Branches:
Dungeon (3/15)

Altars:


Innate Abilities, Weirdness & Mutations

You cannot wear most types of armour.
You are amphibious.
You can wear up to eight rings at the same time.
Your skin changes colour to match your surroundings (Stealth+).
Your rubbery body absorbs attacks. (AC +1, EV +1)
((You are camouflaged when in or above water. (Stealth+)))
You have tentacles for arms and can constrict up to eight enemies at once.


Message History

You kill the orc!
Something hits you. The orc hits you with a +0 dagger.
You barely miss the orc. You grab the orc.
You constrict the orc, but do no damage.
You hit the orc.
The orc is moderately wounded.
You constrict the orc.
You hear some strange, mumbled words.
Something tries to affect you, but you resist.
The orc misses you.
You hit the orc.
You kill the orc!
The orc barely misses you. Something hits you.
You closely miss the orc. Your grab misses the orc. Something hits you.
The orc hits you with a +0 dagger.
You hit the orc. You grab the orc.
The orc is heavily wounded.
You constrict the orc. The orc hits you with a +0 dagger. Something hits you.
You hit the orc.
You kill the orc!
Something hits you.
* * * LOW HITPOINT WARNING * * *
You hit something. You squeeze something. You hit something.
Your squeeze misses something. Something hits you.
* * * LOW HITPOINT WARNING * * *
You closely miss something.
An orc comes into view.
It is wielding a +0 club and quivering poisoned darts.
Something hits you.
* * * LOW HITPOINT WARNING * * *
The orc shouts!
You hit something. Something hits you.
* * * LOW HITPOINT WARNING * * *
You hit something.
The orc throws a poisoned dart.
The poisoned dart hits you!
You are lethally poisoned!
Something hits you.
* * * LOW HITPOINT WARNING * * *
It was a potion of flight.
You feel very buoyant.
You fly up into the air.
You die...

#########
#<#.#.#.######
###.#.#..)......
#.......){#
#.#.#.###@#
#...#...)........
#########o###.#..
..# ###


You could see an orc.

Vanquished Creatures
  Jessica (D:2)
  An orc wizard (D:3)
  An adder (D:2)
  3 orcs (D:3)
  2 ball pythons (D:1)
  2 bats
  4 endoplasms (D:1)
  2 goblins (D:1)
  3 hobgoblins (D:1)
  2 kobolds (D:1)
  3 quokkas (D:1)
  A frilled lizard (D:1)
  3 rats
28 creatures vanquished.

Notes
Turn   | Place    | Note
-------+----------+-------------------------------------------
     0 | D:1      | Darius099 the Octopode Brigand began the quest for the Orb.
     0 | D:1      | Reached XP level 1. HP: 14/14 MP: 1/1
   358 | D:1      | Reached XP level 2. HP: 19/19 MP: 2/2
   492 | D:1      | Found a faded altar of an unknown god.
  1014 | D:1      | Reached skill level 6 in Stealth
  1342 | D:1      | Reached XP level 3. HP: 24/24 MP: 3/3
  1355 | D:1      | Identified 3 scrolls of acquirement
  1355 | D:1      | Acquired 1167 gold pieces
  1359 | D:1      | Acquired 1016 gold pieces
  1363 | D:1      | Acquired a manual of Dodging
  1657 | D:2      | Noticed Jessica
  1661 | D:2      | Killed Jessica
  1662 | D:2      | Reached XP level 4. HP: 29/29 MP: 4/4
  2111 | D:3      | HP: 1/29 [something (2)]
  2112 | D:3      | Succumbed to an orc's poison

Illustrated notes

Levels and vault maps discovered:
D:1:      minmay_arrival_hallway, layout_loops_corners, basic_ecumenical_altar,
          minmay_unequal
D:2:      layout_loops_ring, uniq_jessica
D:3:      layout_basic, serial_shops, nicolae_shop_advertising_works
          [nicolae_subvault_shop_adworks], minmay_shallow_snake_nest,
          uniq_natasha

Skill      XL: |  1  2  3 |
---------------+----------+-----
Stealth        | 6 |  6.9
Short Blades   | 3 |  3.5
Fighting       | |  2.0
Throwing       | |  2.0
Dodging        | |  1.0

Action                   |  1- 3 |  4- 6 || total
-------------------------+-------+-------++-------
Melee: Dagger            |    33 |    18 ||    51
       Tentacles         |     9 |     3 ||    12
       Constrict         |     6 |     4 ||    10
  Use: Scroll            |     3 |       ||     3
       Potion            |       |     1 ||     1
 Stab: Sleeping          |     8 |     2 ||    10
Dodge: Dodged            |     7 |     7 ||    14
